 Dungeon Crawl Stone Soup version 0.23.2 (webtiles) character file.

Game seed: 9320734646821292295

408 Freyura the Skirmisher (level 6, 0/39 HPs)
             Began as a Gargoyle Fighter on Apr 6, 2019.
             Was a Follower of the Shining One.
             Killed by divine providence
             ... invoked by an orc priest
              (9 damage)
             ... on level 4 of the Dungeon.
             The game lasted 00:14:46 (3057 turns).

Freyura the Skirmisher (Gargoyle Fighter)           Turns: 3057, Time: 00:14:46

Health: 0/39       AC: 15    Str: 20    XL:     6   Next: 88%
Magic:  8/8        EV:  6    Int:  9    God:    the Shining One [*.....]
Gold:   168        SH:  9    Dex: 10    Spells: 5/5 levels left

rFire    + . .     SeeInvis .   a - +0 flail
rCold    . . .     Gourm    .   c - +0 shield
rNeg     + . .     Faith    .   e - +0 chain mail
rPois    ∞         Spirit   .   (no helmet)
rElec    +         Reflect  .   (no cloak)
rCorr    .         Harm     .   d - +0 pair of gloves
MR       .....                  (no boots)
Stlth    ..........             (no amulet)
HPRegen  0.13/turn              j - ring of protection from fire
MPRegen  0.11/turn              (no ring)

@: glowing
A: negative energy resistance 1, electricity resistance, unbreathing,
petrification resistance, rot immunity, AC +4
a: Renounce Religion


You were on level 4 of the Dungeon.
You worshipped the Shining One.
The Shining One was aware of your devotion.
You were not hungry.

You visited 1 branch of the dungeon, and saw 4 of its levels.
You also visited: Sewer.

You collected 168 gold pieces.

Inventory:

Hand Weapons
 a - a +0 flail (weapon)
Armour
 b - a +0 scale mail
 c - a +0 shield (worn)
 d - a +0 pair of gloves (worn)
 e - a +0 chain mail (worn)
Jewellery
 j - a ring of protection from fire (left hand)
Scrolls
 k - 4 scrolls of identify {unknown}
 n - 3 scrolls of remove curse {unknown}
 o - a scroll of random uselessness {unknown}
 r - 2 scrolls of enchant weapon {unknown}
 t - a scroll of immolation {unknown}
Potions
 g - 6 potions of agility {unknown}
 h - 4 potions of brilliance {unknown}
 i - a potion of resistance {unknown}
 l - a potion of heal wounds {unknown}
 m - 2 potions of lignification {unknown}
 p - a potion of mutation {unknown}
 q - a potion of flight {unknown}
 s - a potion of invisibility {unknown}
 u - a potion of magic {unknown}
 v - 5 potions of curing {unknown}
Comestibles
 f - 5 rations


   Skills:
 + Level 4.3 Fighting
 * Level 4.1 Maces & Flails
 + Level 4.3 Armour
 + Level 1.7 Dodging
 + Level 4.2 Shields
 + Level 2.6 Invocations


You had 5 spell levels left.
You didn't know any spells.
Your spell library was empty.

Dungeon Overview and Level Annotations

Branches:
Dungeon (4/15)
 Temple: D:4-7

Altars:
Ashenzari
Elyvilon
Hepliaklqana
Nemelex Xobeh
Ru
Uskayaw
Wu Jian
The Shining One


Innate Abilities, Weirdness & Mutations

You are resistant to torment.
Your stone body is resilient. (AC +4)
You are immune to poison.
You resist negative energy. (rN+)
You are resistant to electric shocks. (rElec)
You can survive without breathing.
You are immune to petrification.
You are immune to rotting.


Message History

* * * LOW HITPOINT WARNING * * *
The adder bites you but does no damage. You block the adder's attack.
You block the adder's attack.
The orc priest miscasts a cantrip.
The adder barely misses you.
You block the howler monkey skeleton's attack.
The orc throws a tomahawk.
You block the tomahawk. You block the adder's attack.
You see here a tomahawk.
You block the adder's attack.
The orc priest looks satisfied for a moment.
The adder bites you but does no damage. The adder bites you but does no damage.
The howler monkey skeleton hits you.
* * * LOW HITPOINT WARNING * * *
The orc priest looks satisfied for a moment.
The orc priest mumbles some strange prayers to Beogh against you.
Beogh smites you!
You die...

### #################
...##......#........#
####........o#........##
..........oZS@.........
.........o.#..###.#.##
#.....o(..#..###..(..
#.........#........##
#.........#..###....#
...##.........#......#..#
.......(########.###.#..####
..........................>.
.......o.........###.#..###


You could see an orc priest, an adder, 3 orcs and a howler monkey skeleton.

Vanquished Creatures
  3 big kobolds (Sewer)
  4 gnolls (D:3)
  6 adders
  An ooze (D:3)
  A worm (D:3)
  4 dart slugs
  6 leopard geckos
  4 orcs (D:3)
  7 bats
  7 giant cockroaches
  2 goblins
  A hobgoblin (D:3)
  10 jackals (D:2)
  12 kobolds
  2 quokkas
  6 ball pythons
  3 frilled lizards
  8 rats
87 creatures vanquished.

Notes
Turn   | Place    | Note
-------+----------+-------------------------------------------
     0 | D:1      | Freyura the Gargoyle Fighter began the quest for the Orb.
     0 | D:1      | Reached XP level 1. HP: 14/14 MP: 1/1
   360 | D:1      | Found a glowing golden altar of the Shining One.
   367 | D:1      | Became a worshipper of the Shining One
   445 | D:1      | Reached XP level 2. HP: 19/19 MP: 2/2
   987 | D:2      | Reached XP level 3. HP: 12/23 MP: 3/3
  1283 | D:2      | Reached skill level 1 in Invocations
  1507 | D:2      | Reached XP level 4. HP: 28/28 MP: 4/4
  2334 | D:3      | Reached skill level 1 in Dodging
  2359 | D:3      | Found a hide-covered altar of Uskayaw.
  2361 | D:3      | Found an ornate altar of the Wu Jian Council.
  2362 | D:3      | Found a hazy altar of Hepliaklqana.
  2362 | D:3      | Found a sacrificial altar of Ru.
  2363 | D:3      | Found a shattered altar of Ashenzari.
  2363 | D:3      | Found a sparkling altar of Nemelex Xobeh.
  2365 | D:3      | Found a white marble altar of Elyvilon.
  2368 | D:3      | Reached XP level 5. HP: 30/33 MP: 6/6
  2426 | D:3      | Found a glowing drain.
  2445 | Sewer    | Entered a sewer
  2461 | Sewer    | Noticed a big kobold
  2477 | Sewer    | Killed a big kobold
  2549 | Sewer    | Noticed a big kobold
  2564 | Sewer    | Killed a big kobold
  2564 | Sewer    | Reached XP level 6. HP: 24/38 MP: 7/7
  3034 | D:4      | Reached * piety under the Shining One
  3057 | D:4      | Killed from afar by an orc priest

Skill      XL: |  1  2  3  4  5  6 |
---------------+-------------------+-----
Invocations    | 1 2 |  2.6
Maces & Flails | 3 4 |  4.1
Dodging        | 1 |  1.7
Fighting       | 4 |  4.3
Armour         | 4 |  4.3
Shields        | 4 |  4.2

Action                   |  1- 3 |  4- 6 || total
-------------------------+-------+-------++-------
Melee: Flail             |   112 |   213 ||   325
  Use: Potion            |       |     1 ||     1
  Eat: Ration            |     2 |       ||     2
       Chunk             |     1 |       ||     1
Armor: Scale mail        |    69 |   119 ||   188
       Chain mail        |       |    14 ||    14
Dodge: Dodged            |    51 |    90 ||   141
Block: Shield            |    66 |   135 ||   201
